 Dungeon Crawl Stone Soup version 0.29-a0-284-gf9362112df (webtiles) character file.

Game seed: 3422147309880063754

77 garrulousMonolith the Digger (level 4, -1/25 HPs)
             Began as a Gargoyle Earth Elementalist on Mar 27, 2022.
             Slain by an iguana (12 damage)
             ... on level 2 of the Dungeon.
             The game lasted 00:03:16 (1725 turns).

garrulousMonolith the Digger (GrEE)                 Turns: 1725, Time: 00:03:17

Health: -1/25      AC:  5    Str: 12    XL:     4   Next: 34%
Magic:  1/7        EV: 12    Int: 17    God:
Gold:   77         SH:  0    Dex: 10    Spells: 1/7 levels left

rFire   . . .      SeeInvis .   e - +0 spear
rCold   . . .      Faith    .   (no shield)
rNeg    + . .      Spirit   .   b - +0 robe
rPois   ∞          Reflect  .   (no helmet)
rElec   +          Harm     .   (no cloak)
rCorr   .          Rampage  .   (no gloves)
Will    .....                   (no boots)
Stlth   ++........              (no amulet)
HPRegen 0.08/turn               (no ring)
MPRegen 0.10/turn               (no ring)

@: no status effects
A: sickness immunity, AC +3, negative energy resistance 1, electricity
resistance, torment resistance 1, petrification resistance
a: no special abilities


You were on level 2 of the Dungeon.
You visited 1 branch of the dungeon, and saw 3 of its levels.

You collected 77 gold pieces.

Inventory:

Hand Weapons
 e - a +0 spear (weapon)
 k - a +0 dagger
 n - a +1 antimagic trident
Missiles
 a - 19 stones
 i - 2 poisoned darts (quivered)
 l - 4 boomerangs
Armour
 b - a +0 robe (worn)
 h - a +0 tower shield
Scrolls
 f - a scroll of enchant weapon {unknown}
 g - 2 scrolls of vulnerability {unknown}
 j - 3 scrolls of fog {unknown}
Potions
 c - a potion of magic
 d - a potion of brilliance {unknown}
 m - a potion of cancellation {unknown}


   Skills:
 + Level 1.1 Fighting
 + Level 2.0 Dodging
 - Level 2.1 Stealth
 + Level 0.9 Shields
 + Level 2.2 Spellcasting
 * Level 1.9 Conjurations
 - Level 1.0 Transmutations
 * Level 4.4 Earth Magic


You had one spell level left.
You knew the following spells:

 Your Spells              Type           Power      Damage    Failure   Level
a - Sandblast             Erth           32%        2d9       3%          1
b - Passwall              Tmut/Erth      9%         N/A       10%         2
c - Stone Arrow           Conj/Erth      24%        3d8       16%         3

Your spell library contained the following spells:

 Spells                   Type           Power      Damage    Failure   Level
 Petrify                  Tmut/Erth      11%        N/A       52%         4


Dungeon Overview and Level Annotations

Branches:
Dungeon (3/15)

Altars:


Innate Abilities, Weirdness & Mutations

You are immune to sickness and miasma.
Your stone body is resilient. (AC +3)
You are immune to poison.
You resist negative energy. (rN+)
You are resistant to electric shocks. (rElec)
You are resistant to unholy torment.
You are immune to petrification.


Message History

The iguana is lightly wounded.
a - 23 stones The iguana barely misses you.
Casting: Sandblast (safe; 3% risk of failure)
Confirm with . or Enter, or press ? or * to list all spells.
Aiming: Sandblast (safe; 3% risk of failure)
Press: ? - help, Shift-Dir - straight line, f/p - iguana
Aim: an iguana (lightly wounded, 82% to hit)
The blast of sand hits the iguana.
The iguana is moderately wounded.
a - 22 stones The iguana bites you!
Casting: Sandblast (safe; 3% risk of failure)
Confirm with . or Enter, or press ? or * to list all spells.
Aiming: Sandblast (safe; 3% risk of failure)
Press: ? - help, Shift-Dir - straight line, f/p - iguana
Aim: an iguana (moderately wounded, 82% to hit)
The blast of sand hits the iguana but does no damage.
The iguana is moderately wounded.
a - 21 stones The iguana barely misses you.
Casting: Sandblast (safe; 3% risk of failure)
Confirm with . or Enter, or press ? or * to list all spells.
Aiming: Sandblast (safe; 3% risk of failure)
Press: ? - help, Shift-Dir - straight line, f/p - iguana
Aim: an iguana (moderately wounded, 82% to hit)
The blast of sand hits the iguana.
The iguana is heavily wounded.
a - 20 stones The iguana bites you.
Casting: Sandblast (safe; 3% risk of failure)
Confirm with . or Enter, or press ? or * to list all spells.
Aiming: Sandblast (safe; 3% risk of failure)
Press: ? - help, Shift-Dir - straight line, f/p - iguana
Aim: an iguana (heavily wounded, 82% to hit)
The blast of sand hits the iguana!
The iguana is almost dead.
a - 19 stones The iguana bites you!
You die...

# #. #..
###...######
#.#
#....rl@...#
..#
##....####.#
#.# #... #.#
######.# #..
#.# #.......
... #.#
#....... ##
#.######.......
#..............
########......#
#......#


You could see an iguana and a rat.

Vanquished Creatures
  4 gnolls (D:2)
  A dart slug (D:1)
  4 endoplasms
  A giant cockroach (D:1)
  3 goblins
  3 hobgoblins
  2 quokkas
  4 ball pythons
  4 bats
  3 frilled lizards (D:1)
  4 kobolds
  5 rats (D:1)
38 creatures vanquished.

Notes
Turn   | Place    | Note
-------+----------+-------------------------------------------
     0 | D:1      | garrulousMonolith the Gargoyle Earth Elementalist began the
                  | quest for the Orb.
     0 | D:1      | Reached XP level 1. HP: 10/10 MP: 3/3
   217 | D:1      | Found a faded altar of an unknown god.
   237 | D:1      | Reached XP level 2. HP: 15/15 MP: 3/5
   284 | D:1      | Learned a level 2 spell: Passwall
   517 | D:1      | Reached skill level 1 in Conjurations
   663 | D:1      | Reached skill level 1 in Transmutations
   774 | D:1      | Reached skill level 4 in Earth Magic
   826 | D:1      | Reached XP level 3. HP: 20/20 MP: 3/6
   830 | D:1      | Learned a level 3 spell: Stone Arrow
  1309 | D:2      | Reached skill level 1 in Fighting
  1318 | D:2      | Reached XP level 4. HP: 16/25 MP: 0/7
  1522 | D:2      | You fall into a shaft and drop 1 floor!
  1725 | D:2      | Slain by an iguana

Illustrated notes

Levels and vault maps discovered:
D:1:      wander_arrival_desolate, layout_loops_corners,
          chequers_ecumenical_altar_simple_redux
D:2:      layout_basic, kennysheep_big_empty_room
D:3:      minmay_skewed_foursquare, layout_rooms,
          mainiacjoe_overflow_surrounded_room

Skill      XL: |  1  2  3  4 |
---------------+-------------+-----
Conjurations   | 1 |  1.9
Transmutations | 1 |  1.0
Earth Magic    | 4 |  4.4
Fighting       | 1 |  1.1
Dodging        | 2 |  2.0
Stealth        | |  2.1
Shields        | |  0.9
Spellcasting   | |  2.2

Action                   |  1- 3 |  4- 6 || total
-------------------------+-------+-------++-------
Melee: Dagger            |     1 |       ||     1
       Spear             |     4 |       ||     4
 Cast: Sandblast         |    47 |    17 ||    64
Armor: Robe              |     7 |     2 ||     9
Dodge: Dodged            |    13 |     5 ||    18

Table legend: (Time is in decaauts)
 A = Elapsed time spent in this place.
 B = Non-inter-level travel time spent in this place.
 C = Inter-level travel time spent in this place.
 D = Time resting spent in this place.
 E = Time spent auto-exploring this place.
 F = Levels seen in this place.
 G = Mean time per level.
                   A        B        C        D        E       F      G
               +--------+--------+--------+--------+--------+-----+--------+
         Total |   1726 |   1698 |     28 |    330 |   1097 |   3 |  575.3 |
       Dungeon |   1726 |   1698 |     28 |    330 |   1097 |   3 |  575.3 |
               +--------+--------+--------+--------+--------+-----+--------+

Top non-repeatable levels by time:
     D:1: 1377 daAuts
     D:2: 217 daAuts
     D:3: 130 daAuts
